AoeStats
← guigzz

Arabia

503819749Analyzed
1v1 RM · 1mo ago on Sep 2, 2026· 26m 46s· 2 players
Game mode
Random Map
Map size
Tiny (2 player)
Population
200
Speed
Normal
Resources
Standard
Victory
Conquest
Starting age
Dark Age
Ending age
Imperial Age
RankedLock teamsTeams togetherTeam positionsShared explorationLock speedFull tech treeHidden civsTurbo modeCheats
Victory
Defeat
🇪🇸 Maya · Spain
601
+17
🇨🇦 Franks · Canada
615
-35
sYAn...
0:27 Loom
10:47 Feudal Age
11:13 Double-Bit Axe
12:42 Horse Collar
16:30 Man-at-Arms
16:56 Arson
17:58 Wheelbarrow
21:44 Forging
21:34 Scale Mail Armor
23:43 Castle Age
23:55 Long Swordsman
24:36 Squires
25:04 Bow Saw
26:15 Hand Cart
26:27 Pikeman
guigzz
10:28 Feudal Age
13:22 Double-Bit Axe
18:04 Gold Mining
18:12 Gold Mining
22:38 Castle Age
22:04 Scale Barding Armor
Connection lost

Rejoining the realm…

Still unreachable

The connection could not be restored.

Session expired

The server has moved on; the page needs a fresh start.